 Dungeon Crawl Stone Soup version 0.25-a0-310-g60f0ac2d9a (webtiles) character file.

Game seed: 13170414077035212500, levelgen mode: deterministic

233 Glalom the Chopper (level 6, -2/47 HPs)
             Began as a Formicid Fighter on Dec 23, 2019.
             Was a Follower of Makhleb.
             Slain by Edmund
             ... wielding a +3 dire flail of protection
              (7 damage)
             ... on level 4 of the Dungeon.
             The game lasted 00:05:40 (2764 turns).

Glalom the Chopper (Formicid Fighter)               Turns: 2764, Time: 00:05:41

Health: -2/47      AC:  8    Str: 27    XL:     6   Next: 26%
Magic:  6/6        EV:  8    Int:  8    God:    Makhleb [*.....]
Gold:   172        SH: 10    Dex: 10    Spells: 5/5 levels left

rFire    . . .     SeeInvis +   a - +0 war axe
rCold    . . .     Gourm    .   c - +0 shield
rNeg     . . .     Faith    .   b - +0 scale mail
rPois    .         Spirit   .   (helmet unavailable)
rElec    .         Reflect  .   o - +0 cloak
rCorr    .         Harm     .   (no gloves)
MR       .....                  (no boots)
Stlth    ..........             (no amulet)
HPRegen  0.15/turn              (no ring)
MPRegen  0.10/turn              (no ring)

@: mighty
A: permanent stasis, dig shafts and tunnels, four strong arms, antennae 3
a: Dig, Shaft Self, Renounce Religion


You were on level 4 of the Dungeon.
You worshipped Makhleb.
Makhleb was aware of your devotion.
You were very hungry.

You visited 1 branch of the dungeon, and saw 4 of its levels.

You collected 172 gold pieces.

Inventory:

Hand Weapons
 a - a +0 war axe (weapon)
Armour
 b - a +0 scale mail (worn)
 c - a +0 shield (worn)
 o - a +0 cloak (worn)
Jewellery
 j - an uncursed ring of fire {unknown}
 p - an uncursed amulet of magic regeneration
Scrolls
 g - a scroll of amnesia {unknown}
 h - 5 scrolls of identify {unknown}
 n - 4 scrolls of teleportation {unknown}
 r - a scroll of remove curse {unknown}
 s - a scroll of enchant weapon {unknown}
Potions
 d - 2 potions of might
 e - a potion of ambrosia {unknown}
 i - a potion of degeneration {unknown}
 k - a potion of resistance {unknown}
 l - 3 potions of curing {unknown}
 m - a potion of agility {unknown}
 q - 2 potions of magic {unknown}
Comestibles
 f - 11 rations


   Skills:
 - Level 3.2 Fighting
 + Level 6.1 Axes
 - Level 3.2 Armour
 - Level 3.6 Shields


You had 5 spell levels left.
You didn't know any spells.
Your spell library was empty.

Dungeon Overview and Level Annotations

Branches:
Dungeon (4/15)
 Temple: D:4-7

Altars:
Gozag
Makhleb
Okawaru
Trog
Yredelemnul

Annotations:
D:4 Edmund


Innate Abilities, Weirdness & Mutations

You cannot be hasted, slowed, berserked, paralysed or teleported.
You can dig through walls and to a lower floor.
Your four strong arms can wield two-handed weapons with a shield.
You have a pair of large antennae on your head. (SInv)


Message History

The orc wizard casts a spell.
The orc wizard blinks!
You block the orc wizard's attack. Edmund closely misses you.
You closely miss Edmund.
Edmund is severely wounded.
You hit the orc wizard. The orc wizard barely misses you.
The orc wizard hits you but does no damage.
Edmund hits you with a +3 dire flail of protection.
* * * LOW HITPOINT WARNING * * *
You hit Edmund but do no damage.
Edmund is severely wounded.
You slash the orc wizard! The orc wizard casts a spell at you.
The magic dart hits you.
* * * LOW HITPOINT WARNING * * *
You block the orc wizard's attack. Edmund hits you but does no damage.
You feel very mighty all of a sudden. You block the orc wizard's attack.
Edmund hits you with a +3 dire flail of protection!
You die...

#. { #. #. ########
#. #......# #.
#.####?# #. #.# #.#
#.###.# #.# #o@@o.#
#.#
#.#.###############.#
...........)o.......#
######.#############
{{#.##### {{+{....# #
{#.....# .#. {{
#.....# ......
#.@...#


You could see Edmund, an orc wizard and an orc.

Vanquished Creatures
  An ogre (D:4)
  A crimson imp (D:2)
  A hound (D:4)
  An adder (D:2)
  An ooze (D:2)
  3 worms (D:2)
  A leopard gecko (D:4)
  An orc (D:4)
  2 ball pythons (D:3)
  4 giant cockroaches
  3 goblins (D:2)
  11 hobgoblins
  8 jackals (D:2)
  8 bats
  7 frilled lizards
  6 kobolds
  A quokka skeleton (D:4)
  5 rats
  A spectral orc (D:3)
66 creatures vanquished.

Notes
Turn   | Place    | Note
-------+----------+-------------------------------------------
     0 | D:1      | Glalom the Formicid Fighter began the quest for the Orb.
     0 | D:1      | Reached XP level 1. HP: 18/18 MP: 1/1
   262 | D:1      | Reached XP level 2. HP: 18/24 MP: 2/2
   906 | D:2      | Reached skill level 3 in Axes
   993 | D:2      | Reached XP level 3. HP: 25/29 MP: 3/3
  1439 | D:2      | Reached skill level 4 in Axes
  1439 | D:2      | Reached XP level 4. HP: 35/35 MP: 4/4
  1440 | D:2      | Found a burning altar of Makhleb.
  1470 | D:2      | Became a worshipper of Makhleb the Destroyer
  1628 | D:2      | Found an opulent altar of Gozag.
  1854 | D:3      | Reached XP level 5. HP: 41/41 MP: 5/5
  2077 | D:3      | Found an iron altar of Okawaru.
  2077 | D:3      | Found a bloodstained altar of Trog.
  2126 | D:3      | Found a basalt altar of Yredelemnul.
  2355 | D:3      | Reached * piety under Makhleb
  2355 | D:3      | Reached skill level 5 in Axes
  2694 | D:4      | Noticed an ogre
  2700 | D:4      | Noticed Edmund
  2730 | D:4      | Killed an ogre
  2730 | D:4      | Reached skill level 6 in Axes
  2730 | D:4      | Reached XP level 6. HP: 9/47 MP: 6/6
  2764 | D:4      | Slain by Edmund

Levels and vault maps discovered:
D:1:      minmay_arrival_four_houses, layout_basic
D:2:      layout_loops_ring, nicolae_gozag_cash_rules_everything_around_me,
          makhleb_grotto_becter
D:3:      layout_loops_ring, gammafunk_temple_overflow_elements,
          yredelemnul_forgotten_temple_becter, first_ration
D:4:      layout_basic, minmay_temple_entry_water_ring, portal_sewer_entry_c,
          grunt_tough_drop, uniq_edmund, uniq_robin

Skill      XL: |  1  2  3  4  5 |
---------------+----------------+-----
Axes           | 3 4 6 |  6.1
Fighting       | |  3.2
Armour         | |  3.2
Shields        | |  3.6

Action                   |  1- 3 |  4- 6 || total
-------------------------+-------+-------++-------
Melee: War axe           |    92 |   121 ||   213
  Use: Potion            |       |     1 ||     1
  Eat: Chunk             |     1 |     4 ||     5
Armor: Scale mail        |    33 |    56 ||    89
Dodge: Dodged            |    35 |    45 ||    80
Block: Shield            |    51 |    70 ||   121

Table legend:
 A = Non-vault XP
 B = Vault XP
 C = Vault XP percentage of total XP
 D = Non-vault monster count
 E = Vault monster count
 F = Vault count percentage of total count
                 A         B        C        D         E       F
            +---------+---------+-------+---------+---------+-------
      Total |     285 |      49 |  14.7 |      64 |       2 |   3.0
            +---------+---------+-------+---------+---------+-------
        D:1 |      15 |       0 |   0.0 |      10 |       0 |   0.0
        D:2 |      73 |      48 |  39.7 |      28 |       1 |   3.4
        D:3 |      30 |       1 |   3.2 |      21 |       1 |   4.5
        D:4 |     167 |       0 |   0.0 |       5 |       0 |   0.0
            +---------+---------+-------+---------+---------+-------
